 Dungeon Crawl Stone Soup version 0.15.1-3-g1b33baa (webtiles) character file.

12662 CrazyArbalest the Slingshot (level 12, -2/73 HPs)
             Began as a Halfling Fighter on Oct 8, 2014.
             Was the Champion of Makhleb.
             Slain by a vampire mosquito (8 damage)
             ... on Level 10 of the Dungeon on Oct 9, 2014.
             The game lasted 01:20:05 (12481 turns).

CrazyArbalest the Slingshot (Halfling Fighter)     Turns: 12481, Time: 01:20:06

HP  -2/73        AC 12     Str 16      XL: 12   Next: 23%
MP  13/13        EV 15     Int  7      God: Makhleb [******]
Gold 867         SH  7     Dex 19      Spells:  0 memorised, 11 levels left

rFire  + + .     SeeInvis .     b - +5 hunting sling of the Chain {velocity, rF+}
rCold  . . .     Clarity  .     w - +3 leather armour {rF+}
rNeg   + . .     rCorr    .     c - +0 buckler
rPois  .         rRot     .     t - +0 helmet
rElec  .         Spirit   .     m - +0 cloak
SustAb .         Warding  +     k - +0 pair of gloves
rMut   .         Stasis   .     (no boots)
Gourm  .                        G - amulet of warding
MR     .....                    l - ring of flight
                                f - +2 ring of protection

@: drained, not resistant to hostile enchantments, unstealthy
A: mutation resistance 1
a: Minor Destruction, Lesser Servant of Makhleb, Major Destruction, Greater
Servant of Makhleb, Renounce Religion, Evoke Flight


You were on level 10 of the Dungeon.
You worshipped Makhleb.
Makhleb was exalted by your worship.
You were not hungry.

You visited 2 branches of the dungeon, and saw 11 of its levels.

You collected 867 gold pieces.

Inventory:

Hand weapons
 a - a +2 dagger of speed
 b - the +5 hunting sling of the Chain (weapon) {velocity, rF+}
   (You took it off an orc on level 4 of the Dungeon)

   Any stone fired from it inflicts extra damage.
   It protects you from fire.
 n - a +1 dagger of venom
 F - a +0 cutlass
 L - the cursed +14 obsidian axe {chop, +Fly Str+3 SInv Curse}
   (You found it on level 4 of the Dungeon)

   It inflicts extra damage upon your enemies.
   It affects your strength (+3).
   It enhances your eyesight.
   It lets you fly.
   It may recurse itself when equipped.
   It has a curse placed upon it.
Missiles
 o - 221 stones (quivered)
 B - 24 sling bullets
 J - 12 silver sling bullets
Armour
 c - a +0 buckler (worn)
 k - a +0 pair of gloves (worn)
 m - a +0 cloak (worn)
 t - a +0 helmet (worn)
 w - a +3 leather armour of fire resistance (worn)
Magical devices
 v - a wand of fireball (3)
 z - a wand of confusion (5)
 H - a wand of digging (11)
 O - a wand of slowing (15)
 P - a wand of confusion (14)
 T - a wand of slowing (15)
Comestibles
 d - 8 bread rations
 j - 3 rotting chunks of orc flesh
 u - 4 meat rations
 E - 4 beef jerkies
Scrolls
 h - a scroll of teleportation
 i - 2 scrolls of magic mapping
 y - 3 scrolls of enchant weapon
 C - a scroll of remove curse
 K - 2 scrolls of recharging
 N - a scroll of silence
 S - 3 scrolls of fog
 U - a scroll of blinking {unknown}
 X - a scroll of fear {unknown}
Jewellery
 f - a +2 ring of protection (left hand)
 l - a ring of flight (right hand)
 G - an amulet of warding (around neck)
 Q - an uncursed ring of wizardry
 V - the ring of Vuipteaps {rC+ Dex+2 Int-3}
   (You found it on level 9 of the Dungeon)

   [ring of protection from cold]

   It affects your intelligence (-3).
   It affects your dexterity (+2).
   It protects you from cold.
Potions
 e - a potion of might
 g - a potion of resistance {unknown}
 p - 2 potions of cancellation {unknown}
 q - 2 potions of flight {unknown}
 s - a potion of beneficial mutation {unknown}
 x - 2 potions of heal wounds {unknown}
 A - 3 potions of restore abilities {unknown}
 D - 3 potions of agility {unknown}
 I - a potion of berserk rage {unknown}
 M - 6 potions of curing
 R - 2 potions of haste {unknown}
 W - a potion of poison {unknown}
 Z - a potion of mutation {unknown}
Books
 r - a book of Frost

   Spells                             Type                      Level
   Freeze                             Ice                          1
   Throw Frost                        Conjuration/Ice              2
   Ozocubu's Armour                   Charms/Ice                   3
   Throw Icicle                       Conjuration/Ice              4
   Summon Ice Beast                   Ice/Summoning                4
   Condensation Shield                Ice                          4
 Y - a book of Power

   Spells                             Type                      Level
   Fulminant Prism                    Conjuration/Hexes            4
   Iskenderun's Mystic Blast          Conjuration                  4
   Venom Bolt                         Conjuration/Poison           5
   Bolt of Magma                      Conjuration/Fire/Earth       5
   Iron Shot                          Conjuration/Earth            6
   Orb of Destruction                 Conjuration                  7


   Skills:
 + Level 3.6(3.3) Fighting
 + Level 2.9(2.6) Short Blades
 * Level 21.8(21.4) Slings
 + Level 4.7(4.4) Armour
 + Level 3.7(3.4) Dodging
 + Level 1.5(1.3) Stealth
 + Level 4.7(4.4) Shields
 + Level 0.7(0.4) Evocations


You had 11 spell levels left.
You didn't know any spells.

Dungeon Overview and Level Annotations

Branches:
Dungeon (10/15)            Temple (1/1) D:5             Orc (0/4) D:9
   Lair (0/8) D:8

Altars:
Ashenzari
Cheibriados
Dithmenos
Elyvilon
Fedhas
Kikubaaqudgha
Makhleb
Nemelex Xobeh
Okawaru
Qazlal
Sif Muna
Trog
Vehumet
Xom
Yredelemnul
Zin
The Shining One

Annotations:
D:10 Nergalle


Innate Abilities, Weirdness & Mutations

You are small and have problems with some larger weapons.
You are somewhat resistant to further mutation.


Message History

You shoot a stone. The stone hits the vampire mosquito.
The vampire mosquito is almost destroyed.
The vampire mosquito barely misses you.
Firing (i - inventory. (,) - cycle):
o - 223 stones (quivered)
Press: ? - help, Shift-Dir - straight line, f/p - vampire mosquito
Aim: a vampire mosquito (almost destroyed)
You shoot a stone.
The stone completely misses the vampire mosquito.
The vampire mosquito bites you!
* * * LOW HITPOINT WARNING * * *
The vampire mosquito draws strength from your injuries!
Firing (i - inventory. (,) - cycle):
o - 222 stones (quivered)
Press: ? - help, Shift-Dir - straight line, f/p - vampire mosquito
Aim: a vampire mosquito (severely damaged)
You shoot a stone. The stone misses the vampire mosquito.
The vampire mosquito bites you!
* * * LOW HITPOINT WARNING * * *
The vampire mosquito draws strength from your injuries!
The vampire mosquito bites you!
You die...

##############..# #.##........
#..## #.##.#######
##############...#####......#
...........(.........>......#
..........(.................#
...........(((..............#####
.............[...................
...............y............#####
......[........(@................
................))..........#####
................[[..........###
..............................#
...................[........#.#
............................<.#
..................(.........#.#
...................(........#.#
..................((........#.#


You could see a vampire mosquito.

Vanquished Creatures
  An ogre mage (D:9)
  Urug (D:10)
  Pikel (D:6)
  A gargoyle (D:10)
  2 trolls (D:9)
  6 two-headed ogres (D:9)
  A wraith (D:10)
  A steam dragon (D:4)
  2 hungry ghosts (D:8)
  Eustachio (D:5)
  The ghost of mess the Magician, an average DgFE (D:5)
  3 vampire mosquitoes (D:10)
  A soldier ant (D:10)
  Edmund (D:7)
  Menkaure (D:5)
  A tengu zombie (D:10)
  2 sky beasts
  3 ice beasts
  4 orc warriors
  A yellow wasp (D:8)
  2 necrophages (D:9)
  3 phantoms
  22 ogres
  A crocodile (D:9)
  A big kobold (D:9)
  Sigmund (D:5)
  4 centaurs
  Blork the orc (D:7)
  9 giant frogs
  17 killer bees
  4 scorpions
  2 wights (D:9)
  7 crimson imps
  An electric eel (D:9)
  7 orc priests
  A goliath beetle (D:8)
  2 jellies
  2 hounds
  A quasit (D:9)
  14 orc wizards
  13 worker ants
  A giant frog skeleton (D:4)
  4 iguanas
  Natasha (twice) (D:4)
  An elf skeleton (D:7)
  Ijyb (D:7)
  An ogre skeleton (D:5)
  2 mummies (D:9)
  4 gnolls (D:3)
  12 adders
  A shadow imp (D:5)
  A goliath beetle zombie (D:6)
  A worm (D:2)
  2 adder zombies
  2 adder skeletons
  An iguana skeleton (D:6)
  An orc skeleton (D:6)
  2 orc zombies (D:8)
  4 oozes
  45 orcs
  13 bats
  A bat skeleton (D:7)
  14 hobgoblins
  6 jackals
  17 kobolds
  8 quokkas
  2 ball pythons
  2 giant geckos
  5 giant newts
  10 goblins
  A goblin skeleton (D:5)
  3 hobgoblin skeletons
  A jackal skeleton (D:5)
  A jackal zombie (D:9)
  15 rats
  7 spectral orcs (D:10)
  2 plants (D:9)
346 creatures vanquished.

Vanquished Creatures (others)
  A hobgoblin (D:2)
1 creature vanquished.

Grand Total: 347 creatures vanquished

Notes
Turn   | Place    | Note
--------------------------------------------------------------
     0 | D:1      | CrazyArbalest, the Halfling Fighter, began the quest for the Orb.
     0 | D:1      | Reached XP level 1. HP: 15/15 MP: 1/1
   246 | D:1      | Reached XP level 2. HP: 20/20 MP: 2/2
  1098 | D:2      | Reached skill level 1 in Slings
  1247 | D:2      | Reached XP level 3. HP: 13/25 MP: 3/3
  1865 | D:2      | Found a white marble altar of Elyvilon.
  1992 | D:3      | Reached XP level 4. HP: 25/30 MP: 4/4
  1995 | D:3      | Reached skill level 4 in Slings
  2914 | D:4      | Noticed Natasha
  2939 | D:4      | Killed Natasha
  2939 | D:4      | Reached skill level 5 in Slings
  2939 | D:4      | Reached XP level 5. HP: 16/36 MP: 5/5
  3010 | D:4      | Reached skill level 6 in Slings
  3211 | D:4      | Reached XP level 6. HP: 35/42 MP: 6/6
  3234 | D:4      | Got an iridescent hunting sling
  3459 | D:4      | Reached skill level 7 in Slings
  3501 | D:4      | Noticed a phantom
  3504 | D:4      | Identified the +5 hunting sling of the Chain {velocity, rF+} (You took it off an orc on level 4 of the Dungeon)
  3513 | D:4      | Reached skill level 1 in Dodging
  3522 | D:4      | Reached skill level 8 in Slings
  3522 | D:4      | Reached XP level 7. HP: 42/46 MP: 7/7
  3537 | D:4      | Killed a phantom
  3686 | D:4      | Reached skill level 9 in Slings
  3966 | D:4      | Noticed an ogre
  3970 | D:4      | Killed an ogre
  4025 | D:4      | Noticed a steam dragon
  4054 | D:4      | Killed a steam dragon
  4054 | D:4      | Reached skill level 10 in Slings
  4054 | D:4      | Reached XP level 8. HP: 45/52 MP: 8/8
  4057 | D:4      | Noticed Natasha
  4059 | D:4      | Killed Natasha
  4345 | D:5      | Entered Level 5 of the Dungeon
  4438 | D:5      | Noticed Menkaure
  4533 | D:5      | Killed Menkaure
  4533 | D:5      | Reached skill level 11 in Slings
  4776 | D:5      | Found a stormy altar of Qazlal.
  4779 | D:5      | Found a shimmering altar of Xom.
  4781 | D:5      | Found an ancient bone altar of Kikubaaqudgha.
  4837 | D:5      | Noticed Sigmund
  4843 | D:5      | Killed Sigmund
  4931 | D:5      | Noticed mess' ghost (average DgFE)
  4966 | D:5      | Killed mess' ghost
  4966 | D:5      | Reached skill level 12 in Slings
  5116 | D:5      | Noticed Eustachio
  5126 | D:5      | Killed Eustachio
  5131 | D:5      | Reached XP level 9. HP: 56/56 MP: 9/9
  5195 | D:5      | Found a staircase to the Ecumenical Temple.
  5211 | Temple   | Entered the Ecumenical Temple
  5228 | Temple   | Became a worshipper of Makhleb the Destroyer
  5596 | D:5      | Reached skill level 13 in Slings
  6113 | D:6      | Acquired Makhleb's first power
  6416 | D:6      | Noticed Pikel
  6527 | D:6      | Killed Pikel
  6527 | D:6      | Reached skill level 14 in Slings
  6609 | D:6      | Found a sparkling altar of Nemelex Xobeh.
  6637 | D:6      | Reached skill level 15 in Slings
  7357 | D:7      | Acquired Makhleb's second power
  7370 | D:7      | Reached skill level 1 in Stealth
  7370 | D:7      | Reached XP level 10. HP: 63/63 MP: 10/10
  7602 | D:7      | Noticed Edmund
  7608 | D:7      | Killed Edmund
  7608 | D:7      | Reached skill level 16 in Slings
  7747 | D:7      | Noticed Blork the orc
  7765 | D:7      | Killed Blork the orc
  7780 | D:7      | Acquired Makhleb's third power
  7840 | D:7      | Noticed Ijyb
  7850 | D:7      | Killed Ijyb
  8045 | D:6      | Reached skill level 17 in Slings
  8639 | D:8      | Acquired Makhleb's fourth power
  8646 | D:8      | Reached skill level 18 in Slings
  8870 | D:8      | Found a staircase to the Lair.
  9169 | D:8      | Reached XP level 11. HP: 67/67 MP: 11/11
  9484 | D:9      | Got a scintillating bronze ring
  9537 | D:9      | Found a staircase to the Orcish Mines.
  9633 | D:9      | Reached skill level 19 in Slings
  9723 | D:9      | Acquired Makhleb's fifth power
 10519 | D:10     | Entered Level 10 of the Dungeon
 10718 | D:10     | Reached skill level 20 in Slings
 10861 | D:10     | Identified the ring of Vuipteaps {rC+ Dex+2 Int-3} (You found it on level 9 of the Dungeon)
 11039 | D:10     | Noticed Nergalle
 11276 | D:10     | Noticed Urug
 11284 | D:10     | Killed Urug
 11920 | D:9      | Reached skill level 21 in Slings
 11975 | D:9      | Noticed an ogre mage
 11978 | D:9      | Reached XP level 12. HP: 72/72 MP: 12/12
 11991 | D:9      | Killed an ogre mage
 12183 | D:10     | Paralysed by Nergalle for 6 turns
 12481 | D:10     | Slain by a vampire mosquito

Action                   |  1- 3 |  4- 6 |  7- 9 | 10-12 || total
-------------------------+-------+-------+-------+-------++-------
Melee: Cutlass           |    43 |       |       |       ||    43
       Hunting sling     |       |       |       |     1 ||     1
 Fire: Hunting sling     |   105 |   174 |   296 |   830 ||  1405
 Abil: Evoke Flight      |       |       |       |     2 ||     2
       Stop Flying       |       |       |       |     1 ||     1
Evoke: Wand              |       |       |     2 |     4 ||     6
  Use: Scroll            |       |       |     6 |     8 ||    14
  Eat: Chunk             |     3 |     5 |     6 |    10 ||    24
       Beef jerky        |       |       |     3 |     4 ||     7
